 Dungeon Crawl Stone Soup version 0.26-a0-757-g626ac9e51a (webtiles) character file.

Game seed: 9317412750720157402

5 miscthings the Sneak (level 1, -1/20 HPs)
             Began as a Palentonga Delver on Nov 8, 2020.
             Slain by a white imp (3 damage)
             ... summoned by Eustachio
             ... on level 4 of the Dungeon.
             The game lasted 00:00:27 (74 turns).

miscthings the Sneak (Palentonga Delver)              Turns: 74, Time: 00:00:27

Health: -1/20      AC:  4    Str: 15    XL:     1   Next: 66%
Magic:  1/1        EV:  9    Int: 10    God:
Gold:   6          SH:  0    Dex: 11    Spells: 0/0 levels left

rFire    . . .     SeeInvis +   a - +0 hand axe
rCold    . . .     Faith    .   (no shield)
rNeg     . . .     Spirit   .   b - +0 leather armour
rPois    .         Reflect  .   (no helmet)
rElec    .         Harm     .   (no cloak)
rCorr    .         Rampage  .   (no gloves)
MR       .....                  (no barding)
Stlth    ++........             (no amulet)
HPRegen  0.06/turn              (no ring)
MPRegen  0.07/turn              (no ring)

@: no status effects
A: large, rugged brown scales 3, see invisible, deformed body, roll, armoured
tail
a: Rolling Charge


You were on level 4 of the Dungeon.
You visited 1 branch of the dungeon, and saw 2 of its levels.

You collected 6 gold pieces.

Inventory:

Hand Weapons
 a - a +0 hand axe (weapon)
Missiles
 h - 8 poisoned darts (quivered)
Armour
 b - a +0 leather armour (worn)
Wands
 g - a wand of digging (3)
Scrolls
 c - a scroll of fog
 d - a scroll of magic mapping
 e - 2 scrolls of fear
Potions
 f - a potion of haste


   Skills:
 - Level 3.0 Fighting
 + Level 2.5 Axes
 - Level 1.5 Dodging
 - Level 3.3 Stealth


You couldn't memorise any spells.
You didn't know any spells.
Your spell library was empty.

Dungeon Overview and Level Annotations

Branches:
Dungeon (5/15)
 Temple: D:4-7

Altars:

Annotations:
D:4 Eustachio


Innate Abilities, Weirdness & Mutations

You are completely covered in rugged brown scales. (AC +3, +7% HP)
You have supernaturally acute eyesight. (SInv)
Armour fits poorly on your strangely shaped body.
You can roll at foes to attack.
You have a long armoured tail.


Message History

The shadow imp hits you.
* * * LOW HITPOINT WARNING * * *
The river rat barely misses you.
You slash the quokka!
You kill the quokka!
The quokka's corpse disappears in a puff of smoke!
You barely miss the white imp. You hit the river rat.
You barely miss the ufetubus. You miss Eustachio.
You closely miss the shadow imp. x2
The shadow imp disappears in a puff of smoke!
The ufetubus hits you but does no damage. x2
Eustachio hits you but does no damage. The river rat barely misses you.
The white imp closely misses you. The shadow imp barely misses you.
The ufetubus barely misses you. The ufetubus hits you.
* * * LOW HITPOINT WARNING * * *
Eustachio casts a spell.
The white imp hits you.
* * * LOW HITPOINT WARNING * * *
The white imp freezes you.
You die...

##.((. ......
......#######+#
?.......(..##.#####
...........#......#
#.....(r..#...>..#
#......@5b#..###+#
#####..5rb#..#
#..5@b#..#
#..r..'..#
#.....#### #......
.........
#..........
###.........
##..!>..... #.###


You could see Eustachio (poisoned), a river rat (summoned), a white imp
(summoned), a shadow imp (summoned), an ufetubus (summoned), 3 bats and 2 rats.

Vanquished Creatures
  An ufetubus (D:5)
1 creature vanquished.

Notes
Turn   | Place    | Note
-------+----------+-------------------------------------------
     0 | D:5      | miscthings the Palentonga Delver began the quest for the
                  | Orb.
     0 | D:5      | Reached XP level 1. HP: 20/20 MP: 1/1
    13 | D:5      | Noticed a phantom
    56 | D:4      | Noticed Eustachio
    74 | D:4      | Slain by a white imp

Illustrated notes

Levels and vault maps discovered:
D:4:      layout_gridville, gammafunk_ghost_stat_death, uniq_crazy_yiuf_cottage,
          uniq_grinder, uniq_eustachio
D:5:      layout_basic, serial_glass, glass_columns_b, glass_columns_b

Action                   || total
-------------------------++-------
Melee: Hand axe          ||     9
Throw: Dart              ||     8
Armor: Leather armour    ||    10
Dodge: Dodged            ||    14

Table legend: (Time is in decaauts)
 A = Elapsed time spent in this place.
 B = Non-inter-level travel time spent in this place.
 C = Inter-level travel time spent in this place.
 D = Time resting spent in this place.
 E = Time spent auto-exploring this place.
 F = Levels seen in this place.
 G = Mean time per level.
                   A        B        C        D        E       F      G
               +--------+--------+--------+--------+--------+-----+--------+
         Total |     75 |     75 |      0 |      4 |      6 |   2 |   37.5 |
       Dungeon |     75 |     75 |      0 |      4 |      6 |   2 |   37.5 |
               +--------+--------+--------+--------+--------+-----+--------+

Top non-repeatable levels by time:
     D:5: 47 daAuts
     D:4: 27 daAuts
